 Dungeon Crawl Stone Soup version 0.22-a0-362-g535178c (webtiles) character file.

828479 4thArraOfDagon the Ogre Mage (level 27, -11/253 (256) HPs)
             Began as an Ogre Fire Elementalist on Apr 20, 2018.
             Was the Champion of Vehumet.
             Killed by dispel undead
             ... invoked by an ushabti
              (29 damage)
             ... on level 2 of the Tomb of the Ancients on Apr 22, 2018.
             The game lasted 04:14:41 (34796 turns).

4thArraOfDagon the Ogre Mage (OgFE)                Turns: 34796, Time: 04:14:42

HP:   -11/253 (256) AC: 19    Str: 17      XL:     27
MP:   60/63         EV:  1    Int: 45      God:    Vehumet [******]
Gold: 2507          SH:  0    Dex:  0 (3)  Spells: 6/78 levels left

rFire    + + .     SeeInvis .   D - staff of energy {!a}
rCold    + + .     Gourm    .   H - +1 shield of Fyifudduu {Str-3 Int+8 Dex-4 Slay+6}
rNeg     + + +     Faith    .   I - +4 troll leather armour
rPois    ∞         Spirit   .   N - +3 hat of Pondering {ponderous, MR+ MP+10 Int+5}
rElec    .         Reflect  .   K - scarf {repulsion}
rCorr    .         Harm     .   (gloves unavailable)
MR       ++++.                  (boots unavailable)
Stlth    ..........             y - amulet of magic regeneration
HPRegen  0.92/turn              n - ring "Wythref" {rF+ rC++ Int+2 Dex-2 Slay+2}
MPRegen  0.63/turn              L - ring of Jacvam {Fire Int+5}

@: lich-form, slightly contaminated, slowed, lost dexterity, studying 2 skills,
repel missiles, very slow
A: large, unfitting armour, talons 1, sense surroundings 1, shaggy fur 1, tough
skin 1, wild magic 1
}: 4/15 runes: decaying, serpentine, slimy, silver
a: End Transformation, Renounce Religion


You were on level 2 of the Tomb of the Ancients.
You worshipped Vehumet.
Vehumet was exalted by your worship.
You were not hungry.
You were a lich.
You visited 11 branches of the dungeon, and saw 55 of its levels.
You completed 1 ziggurat, and saw 27 of its levels.
You also visited: Labyrinth, Trove, Sewer, Volcano and Wizlab.

You collected 5996 gold pieces.
You spent 3489 gold pieces at shops.

Inventory:

Missiles
 J - 59 large rocks (quivered)
Armour
 H - the +1 shield of Fyifudduu (worn) {Str-3 Int+8 Dex-4 Slay+6}
   (You acquired it on level 12 of the Dungeon)

   It affects your strength (-3).
   It affects your intelligence (+8).
   It affects your dexterity (-4).
   It affects your accuracy and damage with ranged weapons and melee attacks
   (+6).
 I - a +4 troll leather armour (worn)
 K - a scarf of repulsion (worn)
 N - the +3 hat of Pondering (worn) {ponderous, MR+ MP+10 Int+5}
   (You found it on level 25 of a ziggurat)

   It affects your intelligence (+5).
   It affects your resistance to hostile enchantments.
   It affects your magic capacity (+10).
 U - the +2 shield of the Arcane {Regen+ MP+9}
   (You found it on level 22 of a ziggurat)

   It affects your magic capacity (+9).
   It increases your rate of regeneration.
Magical Staves
 A - an uncursed staff of fire
 D - an uncursed staff of energy (weapon) {!a}
 M - an uncursed staff of power {!a}
Jewellery
 b - the ring "Joele Lumiza" {rN+ MP+9}
   (You found it on level 26 of a ziggurat)

   [ring of magical power]

   It protects you from negative energy.
   It affects your magic capacity (+9).
 n - the ring "Wythref" (left hand) {rF+ rC++ Int+2 Dex-2 Slay+2}
   (You took it off a frost giant on level 2 of the Depths)

   [ring of protection from fire]

   It affects your intelligence (+2).
   It affects your dexterity (-2).
   It affects your accuracy and damage with ranged weapons and melee attacks
   (+2).
   It protects you from fire.
   It greatly protects you from cold.
 r - the ring of Perfectionism {rF++ rN+ MP+9 Stlth+}
   (You found it on level 22 of a ziggurat)

   [ring of magical power]

   It greatly protects you from fire.
   It protects you from negative energy.
   It affects your magic capacity (+9).
   It makes you more stealthy.
 y - an amulet of magic regeneration (around neck)
 E - the ring "Xualimad" {rElec rPois Str+2 Stlth+}
   (You found it on level 13 of a ziggurat)

   [ring of strength]

   It affects your strength (+2).
   It insulates you from electricity.
   It protects you from poison.
   It makes you more stealthy.
 L - a ring of Jacvam (right hand) {Fire Int+5}
   (You found it on level 12 of a ziggurat)

   [ring of fire]

   It enhances your fire magic.
   It affects your intelligence (+5).
   It protects you from fire.
   It makes you vulnerable to cold.
 O - the amulet of Satyriasis {Reflect rPois rN+ SH+2}
   (You found it on level 11 of a ziggurat)

   [amulet of reflection]

   It shields you and reflects attacks.
   It protects you from poison.
   It protects you from negative energy.
   It affects your SH (+2).
Wands
 q - a wand of iceblast (38)
 T - a wand of digging (49)
 Z - a wand of acid (27)
Scrolls
 f - 38 scrolls of remove curse
 g - 25 scrolls of teleportation
 i - a scroll of fear
 o - 9 scrolls of magic mapping
 p - 3 scrolls of summoning
 u - 17 scrolls of amnesia
 w - 4 scrolls of blinking
 C - 15 scrolls of holy word
 S - 17 scrolls of fog
 W - 3 scrolls of immolation
 X - 3 scrolls of identify
Potions
 d - 10 potions of brilliance
 e - 26 potions of curing
 h - 7 potions of berserk rage
 k - 4 potions of magic
 l - 19 potions of flight
 s - 12 potions of haste
 t - 17 potions of mutation
 v - 9 potions of agility
 x - 3 potions of cancellation
 F - 2 potions of invisibility
 G - 23 potions of heal wounds
 P - 5 potions of resistance
 R - 4 potions of ambrosia
 Y - 10 potions of might
Books
 z - a manual of Ice Magic
 B - a manual of Shields
Miscellaneous
 a - 10 phantom mirrors
 j - a +1 figurine of a ziggurat
 m - a lightning rod (4/4)
 Q - 14 boxes of beasts
 V - a lamp of fire
Comestibles
 c - 75 rations


   Skills:
 - Level 12.0 Fighting
 - Level 1.7 Dodging
 - Level 1.4 Stealth
 - Level 14.0 Shields
 - Level 26.0 Spellcasting
 - Level 21.5 Conjurations
 - Level 13.6 Charms
 - Level 16.8 Necromancy
 - Level 16.9 Translocations
 - Level 14.1 Transmutations
 - Level 21.6 Fire Magic
 * Level 18.5 Earth Magic
 - Level 8.3 Evocations


You had 6 spell levels left.
You knew the following spells:

 Your Spells              Type           Power        Failure   Level  Hunger
a - Necromutation         Tmut/Necr      #########.   5%          8    N/A
b - Sublimation of Blood  Necr           #########.   1%          2    N/A
c - Shatter               Erth           ########..   6%          9    N/A
d - Fireball              Conj/Fire      #########.   1%          5    N/A
e - Apportation           Tloc           ######       1%          1    N/A
f - Death's Door          Chrm/Necr      #########.   6%          8    N/A
g - Blink                 Tloc           N/A          1%          2    N/A
h - Iron Shot             Conj/Erth      ########..   1%          6    N/A
i - Lee's Rapid Deconstr  Erth           ########..   1%          5    N/A
j - Fire Storm            Conj/Fire      #########.   1%          9    N/A
k - Regeneration          Chrm/Necr      #########.   1%          3    N/A
l - Statue Form           Tmut/Erth      ########.    1%          6    N/A
m - Controlled Blink      Tloc           N/A          3%          8    N/A

Dungeon Overview and Level Annotations

Branches:
Dungeon (15/15)            Temple (0/1) D:6            Lair (6/6) D:10
  Swamp (4/4) Lair:3        Snake (4/4) Lair:4        Slime (5/5) Lair:6
    Orc (2/2) D:12            Elf (3/3) Orc:2        Vaults (5/5) D:13
  Crypt (3/3) Vaults:2       Tomb (3/3) Crypt:3      Depths (5/5) D:15
    Zot (0/5) Depths:5

Altars:
Nemelex Xobeh
Qazlal
Ru
Sif Muna
Uskayaw
Vehumet
Wu Jian
Yredelemnul
The Shining One
Beogh
Lugonu

Shops:
D:8 !   Orc:2 (!:=   Elf:3 *(*   Vaults:2 ?   Vaults:4 =   Vaults:5 }
Depths:1 :   Depths:4 }

Portals:
Hell: Depths:2 Depths:4 Depths:5
Abyss: Depths:1 Depths:2 Depths:4
Pandemonium: Depths:5

Annotations:
D:3 4thArraOfDagon's ghost, amateur OpFE
D:4 Thaneod's ghost, novice TeBe
Swamp:3 exclusion: Roxanne, Roxanne
Elf:2 2 runed doors


Innate Abilities, Weirdness & Mutations

You are too large for most types of armour.
You have tough skin. (AC +1)
You have sharp toenails.
You passively map a small area around you.
You are covered in fur. (AC +1)
Your spells are a little harder to cast, but a little more powerful.


Message History

Press: ? - help, Dir - move target cursor You are lightly contaminated with residual magic.
As you read the scroll of blinking, it crumbles to dust.
You found a bolt trap!
A spear hits the death scarab!
Found nine items.
Unknown command.
Unknown command.
A spear hits the death scarab!
The death scarab bites you.
* * * LOW HITPOINT WARNING * * *
The death scarab drains your vigour!
You feel yourself slow down. The death scarab bites you!
* * * LOW HITPOINT WARNING * * *
The death scarab bites you!
* * * LOW HITPOINT WARNING * * *
A mysterious force pulls you upwards. The hatch slams shut behind you.
A guardian mummy and 2 ushabtiu come into view.
You found a blade trap! x2
The ushabti gestures slowly at you.
You convulse!
You die...

***********#########
,,*,,,,,,,,#...^...#
,,*,,,,,,..#...M...#
,,',,,,,,..'....L..#
,,*,,,,,,..#.......#
,,*,,,,,,,,#8...^..#
###############....#
[..........,,,#....#
##.........,,,#.8..#
..........#*,,#....#
..........#*,,#....#
...........,,,*,,,>*


You could see a guardian mummy and 2 ushabtiu.

Vanquished Creatures
  the Royal Jelly (Slime:5)
  10 ancient liches
  8 juggernauts
  21 greater mummies
  Margery (Depths:2)
  Bai Suzhen (Snake:4)
  Frederick (Depths:4)
  Vashnia (Snake:4)
  Jory (Crypt:1)
  10 golden dragons
  5 bone dragons
  4 pearl dragons (Zig:18)
  18 liches
  2 profane servitors
  8 Tzitzimimeh (Zig:22)
  2 iron giants (Zig:27)
  A Hell Sentinel (Zig:27)
  3 tentacled monstrosities (Zig:24)
  Asterion (Vaults:1)
  A titan (Vaults:5)
  A quicksilver dragon (Vaults:5)
  6 deep elf blademasters
  6 deep elf master archers
  38 acid blobs
  5 tentacled starspawn (Zig:21)
  12 ancient champions
  8 sphinxes
  Frances (D:14)
  4 storm dragons
  10 shadow dragons
  A thorn hunter (Swamp:3)
  19 nagarajas
  11 azure jellies
  5 daevas (Zig:18)
  12 revenants
  4 draconian monks
  5 draconian knights
  5 blood saints (Zig:26)
  6 tengu reavers
  12 deep elf sorcerers
  6 fire giants
  6 frost giants
  10 vault wardens
  3 draconian scorchers
  Aizul (Snake:1)
  Louise (Depths:4)
  2 curse skulls
  5 orc warlords (Zig:20)
  3 iron dragons
  A caustic shrike zombie (Zig:27)
  7 deep elf elementalists
  5 angels (Zig:18)
  A ghoul (Crypt:3)
  A caustic shrike skeleton (Zig:23)
  3 draconian shifters (Zig:11)
  13 reapers
  14 very ugly things
  A juggernaut zombie (Zig:23)
  7 ophanim (Zig:18)
  19 stone giants
  4 draconian stormcallers (Zig:10)
  5 ironheart preservers
  3 corrupters
  6 apis (Zig:18)
  2 green draconians
  15 deep elf demonologists
  11 draconian annihilators
  8 war gargoyles
  3 starcursed masses
  20 vampire knights
  4 red draconians
  18 spark wasps
  3 black draconians (Depths:5)
  14 deep elf annihilators
  A dire elephant (Lair:6)
  7 black suns (Zig:22)
  9 bennus
  A purple draconian (Zig:10)
  3 yellow draconians
  2 minotaurs
  7 statues (Depths:4)
  A merfolk javelineer (Depths:3)
  19 deep elf death magi
  A quicksilver dragon zombie (WizLab)
  20 mummy priests
  11 green deaths
  3 crystal guardians (Crypt:3)
  12 eidola
  Snorg (Lair:4)
  8 death oozes
  Josephine (Swamp:1)
  8 ettins
  10 yaktaur captains
  3 jiangshi
  17 deep elf high priests
  24 vault guards
  9 fire dragons
  6 ice dragons
  9 great orbs of eyes
  A merfolk impaler (Depths:3)
  12 rakshasas
  10 ogre magi
  23 naga warriors
  6 spriggan air magi
  2 catoblepae
  6 ghost crabs
  31 hydras
  A spectral sphinx (Zig:22)
  A quicksilver dragon skeleton (Crypt:3)
  A centaur warrior (D:15)
  53 death scarabs
  8 deep troll earth magi
  14 alligators
  9 anacondas
  A tengu warrior (Depths:3)
  41 dancing weapons
  21 two-headed ogres
  16 vampire magi
  8 deep troll shamans
  6 death knights
  A titan zombie (Crypt:3)
  A hell hog (Zig:21)
  A spriggan berserker (Depths:3)
  A spectral spriggan (Zig:22)
  The ghost of 4thArraOfDagon the Arsonist, a novice OpFE of Elyvilon (D:10)
  14 death yaks
  5 shock serpents
  A spectral elf (Zig:22)
  21 hell knights
  14 orc high priests
  3 thrashing horrors (Zig:21)
  4 wretched stars (Zig:21)
  2 titan skeletons
  22 deep elf knights
  2 storm dragon zombies
  6 iron trolls
  20 naga sharpshooters
  5 salamander mystics
  3 soul eaters (Zig:22)
  4 spatial maelstroms (Zig:21)
  9 shadow wraiths
  20 skeletal warriors
  A storm dragon skeleton (Zig:23)
  A death drake (shapeshifter) (Vaults:5)
  2 spriggan druids
  5 unseen horrors
  10 wizards
  13 flayed ghosts
  A spark wasp zombie (WizLab)
  25 swamp dragons
  A deep troll (shapeshifter) (Zig:1)
  A quicksilver dragon simulacrum (Depths:2)
  13 naga ritualists
  20 deep trolls
  21 deep elf archers
  3 glowing orange brains
  A glowing orange brain (shapeshifter) (Vaults:5)
  9 death drakes (Zig:24)
  12 shambling mangroves
  5 cherubim (Zig:18)
  3 tengu zombies
  A shadow dragon zombie (Zig:27)
  Pikel (D:9)
  6 ironbrand convokers
  3 iron dragon zombies (Zig:27)
  7 phantasmal warriors
  18 necromancers
  9 mana vipers
  9 oklob plants
  13 orc knights
  11 shining eyes
  3 lindwurms (Swamp:4)
  38 ugly things
  16 orc sorcerers
  A wolf spider zombie (Crypt:2)
  2 stone giant zombies
  80 deep elf magi
  4 wolf spiders
  9 cyclopes
  A worldbinder (Zig:21)
  A fire giant zombie (WizLab)
  2 frost giant zombies
  A tengu skeleton (Zig:23)
  2 moths of wrath
  A salamander (shapeshifter) (Vaults:4)
  2 sphinx skeletons
  11 salamanders
  6 vault sentinels
  2 manticores
  5 guardian serpents
  A moth of wrath (shapeshifter) (Depths:2)
  39 naga magi
  14 elephants
  An apocalypse crab (Zig:21)
  A guardian serpent (shapeshifter) (D:13)
  8 rust devils (Zig:27)
  An ice statue (Zig:7)
  2 demonspawn zombies (WizLab)
  8 elf zombies
  A dire elephant zombie (Tomb:2)
  A torpor snail (Lair:4)
  A frost giant skeleton (Tomb:2)
  2 smoke demons
  3 hellions (Zig:27)
  4 eyes of devastation
  38 black mambas
  3 spriggan zombies
  16 spiny frogs
  2 efreet
  23 yaktaurs
  6 komodo dragons
  2 spriggan skeletons
  A yaktaur zombie (WizLab)
  A catoblepas zombie (Crypt:2)
  15 tormentors
  A rime drake (Zig:2)
  A hellwing (Zig:21)
  3 ice devils (Zig:27)
  4 freezing wraiths
  49 guardian mummies
  A jumping spider (shapeshifter) (Depths:3)
  10 trolls
  7 polar bears
  4 tengu conjurers
  9 tyrant leeches
  3 ancient zymes (Zig:21)
  A hydra zombie (Tomb:2)
  28 hornets
  169 slime creatures
  4 bog bodies
  A wind drake (Zig:2)
  A hornet (shapeshifter) (Elf:1)
  2 fire dragon zombies
  2 hydra skeletons
  Grinder (D:5)
  A deep troll zombie (WizLab)
  8 blink frogs
  An iron dragon simulacrum (Crypt:2)
  4 raiju
  A raiju (shapeshifter) (D:15)
  A stone giant simulacrum (Depths:2)
  10 hippogriffs
  An ice dragon zombie (WizLab)
  6 air elementals
  A vampire (D:9)
  5 small abominations
  33 flying skulls
  2 shadows
  2 wyverns
  A fire dragon skeleton (Crypt:3)
  2 basilisks
  4 spriggans
  12 water elementals
  52 yaks
  7 fire elementals
  A black mamba skeleton (Tomb:3)
  2 chaos spawn (Zig:21)
  11 wraiths
  18 ushabtiu
  5 hungry ghosts
  10 golden eyes
  4 neqoxecs
  2 steam dragons
  15 vampire mosquitoes
  16 swamp worms
  A spatial vortex (Zig:21)
  9 wargs
  An ogre zombie (WizLab)
  An acid dragon (Zig:2)
  An insubstantial wisp (Zig:24)
  A torturous demonspawn zombie (WizLab)
  2 soldier ants
  A swamp worm (shapeshifter) (Vaults:5)
  15 water moccasins
  A hydra simulacrum (Crypt:2)
  53 nagas
  14 large abominations
  6 porcupines
  5 floating eyes
  4 hell hounds
  4 sky beasts
  4 slaves (D:9)
  3 black bears
  9 eyes of draining
  32 ogres
  4 necrophages
  48 orc warriors
  9 swamp drakes
  A black bear (shapeshifter) (Zig:16)
  3 ice beasts
  4 phantoms
  A swamp dragon zombie (Crypt:3)
  4 boggarts (Depths:2)
  A spiny frog skeleton (Crypt:2)
  15 wolves
  9 crocodiles
  8 centaurs
  3 big kobolds
  16 bullfrogs
  A cyclops zombie (Crypt:2)
  A gnoll sergeant (Orc:1)
  4 earth elementals
  A water moccasin zombie (D:8)
  4 scorpions
  3 killer bees (D:11)
  A polar bear zombie (Crypt:2)
  14 wights
  An electric eel (D:14)
  3 howler monkeys
  2 bullfrog zombies
  11 crimson imps
  6 centaur zombies
  A quasit (D:8)
  13 iron imps
  20 orc priests
  2 bullfrog skeletons
  8 hounds
  3 jellies
  23 orc wizards
  6 centaur skeletons
  5 iguanas
  A lightning spire (Zig:24)
  5 hell rats (Lair:6)
  10 worker ants
  A hound zombie (D:11)
  51 mummies
  9 gnolls
  A howler monkey skeleton (D:5)
  11 adders
  3 river rats (Sewer)
  5 shadow imps
  An ufetubus (Depths:3)
  An adder zombie (D:6)
  An ooze (D:2)
  An adder skeleton (D:9)
  2 worms
  2 dart slugs
  5 leopard geckos
  76 orcs
  A ball python (D:6)
  4 bats
  11 giant cockroaches
  5 goblins
  6 hobgoblins
  14 jackals
  14 kobolds
  2 quokkas
  A dart slug zombie (Crypt:2)
  8 frilled lizards
  A frilled lizard zombie (Crypt:1)
  A leopard gecko skeleton (D:7)
  2 quokka zombies
  8 rats
  2 bushes
  40 fire vortices
  3 fungi
  14 plants
  3 starspawn tentacles (Zig:21)
3017 creatures vanquished.

Vanquished Creatures (collateral kills)
  3 juggernauts (Zig:20)
  2 ancient liches
  2 greater mummies
  Boris (Crypt:2)
  A profane servitor (Zig:25)
  A golden dragon (Zig:24)
  2 deep elf blademasters
  2 acid blobs
  A tentacled starspawn (Zig:21)
  A sphinx (Vaults:5)
  A nagaraja (Zig:15)
  A deep elf sorcerer (Zig:26)
  A black sun (Zig:22)
  An ironheart preserver (Vaults:2)
  2 angels (Zig:18)
  A ghoul (Zig:25)
  A war gargoyle (Crypt:3)
  2 stone giants
  A blood saint (Zig:26)
  A vampire knight (Depths:5)
  2 black draconians (Zig:10)
  A yellow draconian (Zig:11)
  A green death (Zig:24)
  An eidolon (Zig:13)
  A spectral quicksilver dragon (Zig:22)
  A mummy priest (Zig:12)
  A vault guard (Vaults:5)
  A great orb of eyes (Zig:17)
  A yaktaur captain (Vaults:4)
  An ogre mage (Zig:26)
  A hell hog (Zig:21)
  An alligator (Zig:24)
  3 death scarabs
  A death drake (Zig:24)
  2 tengu zombies (Zig:27)
  3 slime creatures
  A skeletal warrior (Crypt:3)
  A necromancer (Depths:5)
  An ugly thing (D:13)
  An orc sorcerer (Zig:21)
  2 deep elf magi
  2 moths of wrath (Zig:20)
  A black mamba (Zig:15)
  A sphinx zombie (Zig:27)
  A frost giant skeleton (Zig:12)
  A large abomination (Zig:21)
  An elf zombie (Zig:27)
  2 guardian mummies
  A flying skull (Zig:23)
  A wraith (Crypt:1)
  A golden eye (Zig:17)
  A floating eye (shapeshifter) (Vaults:4)
  A floating eye (Zig:17)
  A swamp drake (Zig:24)
  An orc warrior (Zig:20)
  An eye of draining (Zig:17)
  A necrophage (Crypt:3)
  5 ogres
  A small abomination (Zig:21)
  21 mummies
  An orc (Vaults:5)
  3 crawling corpses (Vaults:5)
  A starspawn tentacle (Zig:21)
106 creatures vanquished.

Vanquished Creatures (others)
  A lich (Tomb:2)
  A vampire knight (Zig:25)
  A death yak (Lair:6)
  A deep elf mage (Depths:4)
  5 flying skulls (Tomb:2)
  A water elemental (Elf:1)
  A harpy simulacrum (Tomb:2)
  An ogre (Depths:3)
  3 mummies
  A jackal (D:8)
  3 bushes (Zig:22)
  1060 fire vortices
  2 fungi (Lair:6)
  9 plants
  9 starspawn tentacles (Zig:21)
1099 creatures vanquished.

Grand Total: 4222 creatures vanquished

Notes
Turn   | Place    | Note
-------+----------+-------------------------------------------
     0 | D:1      | 4thArraOfDagon the Ogre Fire Elementalist began the quest for the Orb.
     0 | D:1      | Reached XP level 1. HP: 16/16 MP: 3/3
     5 | D:1      | Reached skill level 1 in Conjurations
    78 | D:1      | Reached XP level 2. HP: 24/24 MP: 2/5
   164 | D:3      | Noticed 4thArraOfDagon's ghost (amateur OpFE)
   173 | D:2      | Found a faded altar of an unknown god.
   226 | D:2      | Reached XP level 3. HP: 23/31 MP: 4/7
   231 | D:2      | Learned a level 3 spell: Conjure Flame
   489 | D:2      | Reached skill level 3 in Spellcasting
   670 | D:3      | Reached XP level 4. HP: 33/39 MP: 5/8
   681 | D:3      | Learned a level 4 spell: Sticky Flame
   829 | D:4      | Found a radiant altar of Vehumet.
   835 | D:4      | Became a worshipper of Vehumet
   861 | D:4      | Noticed a phantom
  1441 | D:1      | Found a sparkling altar of Nemelex Xobeh.
  1818 | D:4      | Reached XP level 5. HP: 42/46 MP: 5/9
  1869 | D:4      | Reached skill level 1 in Fighting
  1988 | D:4      | Noticed a phantom
  2000 | D:4      | Killed a phantom
  2000 | D:4      | Reached XP level 6. HP: 50/55 MP: 1/11
  2135 | D:4      | Killed a phantom
  2139 | D:4      | Noticed a phantom
  2213 | D:4      | Killed a phantom
  2213 | D:4      | Reached skill level 4 in Spellcasting
  2372 | D:4      | Noticed Thaneod's ghost (novice TeBe)
  2388 | D:5      | Entered Level 5 of the Dungeon
  2410 | D:5      | Reached XP level 7. HP: 66/66 MP: 8/13
  2416 | D:5      | Found a sacrificial altar of Ru.
  2423 | D:5      | Learned a level 5 spell: Fireball
  2435 | D:5      | Found a basalt altar of Yredelemnul.
  2581 | D:5      | Noticed Grinder
  2585 | D:5      | Killed Grinder
  2585 | D:5      | Reached skill level 5 in Fire Magic
  2595 | D:5      | Reached XP level 8. HP: 71/78 MP: 6/15
  2597 | D:5      | Reached * piety under Vehumet
  2597 | D:5      | Offered knowledge of Freeze by Vehumet.
  2864 | D:5      | Reached skill level 5 in Conjurations
  2928 | D:5      | Found a deep blue altar of Sif Muna.
  3056 | D:5      | Reached skill level 5 in Spellcasting
  3420 | D:6      | Reached skill level 5 in Fighting
  3422 | D:6      | Reached ** piety under Vehumet
  3422 | D:6      | Offered knowledge of Magic Dart by Vehumet.
  3501 | D:6      | Found a glowing drain.
  3523 | Sewer    | Entered a sewer
  3639 | Sewer    | Reached XP level 9. HP: 65/88 MP: 13/17
  3705 | Sewer    | Found a white marble altar of Elyvilon.
  3774 | D:6      | Found a staircase to the Ecumenical Temple.
  3961 | D:7      | Found a stormy altar of Qazlal.
  4069 | D:7      | Reached skill level 6 in Spellcasting
  4106 | D:7      | Offered knowledge of Dazzling Spray by Vehumet.
  4609 | D:8      | Noticed a hornet
  4623 | D:8      | Killed a hornet
  4623 | D:8      | Reached *** piety under Vehumet
  4691 | D:8      | Found Fugif's Distillery.
  4704 | D:8      | Bought a potion of haste for 120 gold pieces
  4704 | D:8      | Bought 2 potions of haste for 240 gold pieces
  4704 | D:8      | Bought a potion of brilliance for 48 gold pieces
  4761 | D:8      | Reached XP level 10. HP: 48/100 MP: 12/20
  4884 | D:8      | Found a hide-covered altar of Uskayaw.
  4949 | D:8      | Offered knowledge of Mephitic Cloud by Vehumet.
  5129 | D:9      | Reached skill level 7 in Spellcasting
  5210 | D:9      | Learned a level 3 spell: Mephitic Cloud
  5311 | D:9      | Noticed a cyclops
  5349 | D:9      | Killed a cyclops
  5582 | D:9      | Reached **** piety under Vehumet
  5663 | D:9      | Offered knowledge of Bolt of Draining by Vehumet.
  5728 | D:9      | Noticed Pikel
  5749 | D:9      | Killed Pikel
  5882 | D:10     | Entered Level 10 of the Dungeon
  5882 | D:10     | Noticed a two-headed ogre
  5886 | D:10     | Killed a two-headed ogre
  5886 | D:10     | Reached XP level 11. HP: 83/113 MP: 5/22
  5889 | D:10     | Noticed 4thArraOfDagon's ghost (novice OpFE)
  5961 | D:10     | Reached skill level 8 in Spellcasting
  6053 | D:10     | Noticed a two-headed ogre
  6068 | D:10     | Killed a two-headed ogre
  6181 | D:10     | Noticed a death yak
  6196 | D:10     | Killed a death yak
  6201 | D:10     | Noticed a death yak
  6204 | D:10     | Noticed a death yak
  6205 | D:10     | Killed a death yak
  6205 | D:10     | Killed 4thArraOfDagon's ghost
  6207 | D:10     | Noticed a death yak
  6213 | D:10     | Killed a death yak
  6213 | D:10     | Reached skill level 10 in Fire Magic
  6252 | D:10     | Found a staircase to the Lair.
  6313 | D:10     | Noticed a two-headed ogre
  6328 | D:10     | Killed a two-headed ogre
  6367 | D:10     | Got a faintly glowing hand axe
  6491 | D:11     | Noticed a white ugly thing
  6589 | D:11     | Noticed an unseen horror
  6593 | D:11     | Killed an unseen horror
  6593 | D:11     | Reached skill level 10 in Conjurations
  6672 | D:11     | Identified the +10 hand axe "Izanorch" {speed, Dex+8} (You found it on level 10 of the Dungeon)
  6682 | D:11     | Noticed a phantasmal warrior
  6683 | D:11     | Noticed a death knight
  6690 | D:12     | Identified 2 scrolls of acquirement
  6716 | D:12     | Got a dazzling shield
  6722 | D:12     | Identified the +1 shield of Fyifudduu {Str-3 Int+8 Dex-4 Slay+6} (You acquired it on level 12 of the Dungeon)
  6926 | D:12     | Noticed a deep elf mage
  6928 | D:12     | Killed a deep elf mage
  6930 | D:12     | Noticed a deep elf mage
  6938 | D:12     | Killed a deep elf mage
  6938 | D:12     | Reached skill level 9 in Spellcasting
  6938 | D:12     | Reached XP level 12. HP: 115/126 MP: 10/25
  6956 | D:12     | Reached skill level 1 in Shields
  7013 | D:12     | Noticed a seven-headed hydra
  7028 | D:12     | Killed a seven-headed hydra
  7073 | D:12     | Reached skill level 10 in Fighting
  7209 | D:12     | Found a staircase to the Orcish Mines.
  7496 | D:12     | Reached ***** piety under Vehumet
  7529 | D:12     | Offered knowledge of Conjure Ball Lightning by Vehumet.
  8064 | D:13     | Noticed a catoblepas
  8082 | D:13     | Killed a catoblepas
  8259 | D:13     | Thaneod: why not acq?
  8395 | D:14     | Reached XP level 13. HP: 50/136 MP: 8/26
  8717 | D:15     | zxcv: it'd be 2 ez
  8717 | D:15     | Entered Level 15 of the Dungeon
  8753 | D:14     | Reached skill level 10 in Spellcasting
  8853 | D:15     | Found a labyrinth entrance.
  8860 | Lab      | Entered a labyrinth
  9458 | Lab      | Noticed a minotaur
  9461 | Lab      | Killed a minotaur
  9467 | Lab      | Got a dazzling scythe
  9468 | Lab      | Identified the +6 scythe of Equilibrium {venom, rPois Int+2 Dex-4} (You found it in a labyrinth)
  9627 | D:15     | Noticed an ice dragon
  9629 | D:15     | Killed an ice dragon
  9666 | D:15     | Noticed a fire dragon
  9896 | D:14     | Noticed Frances
  9900 | D:14     | Killed Frances
  9951 | D:14     | Found an ornate altar of the Wu Jian Council.
  9982 | D:14     | Got a flickering turquoise ring
  9983 | D:14     | Identified the ring "Paonosir" {*Contam +Fly rF+ rC+ rN+ SInv} (You acquired it on level 14 of the Dungeon)
 10005 | D:14     | Gained mutation: Your spells are a little harder to cast, but a little more powerful. [potion of mutation]
 10005 | D:14     | Gained mutation: You have sharp toenails. [potion of mutation]
 10005 | D:14     | Gained mutation: You passively map a small area around you. [potion of mutation]
 10367 | Orc:1    | Entered Level 1 of the Orcish Mines
 10402 | Orc:2    | Entered Level 2 of the Orcish Mines
 10440 | Orc:2    | Found a staircase to the Elven Halls.
 10708 | Orc:1    | Found a roughly hewn altar of Beogh.
 10807 | Orc:1    | Reached skill level 5 in Shields
 10843 | Orc:1    | Reached XP level 14. HP: 133/148 MP: 2/28
 11466 | Orc:2    | Reached skill level 11 in Spellcasting
 11589 | Orc:2    | Reached ****** piety under Vehumet
 11814 | Orc:2    | Found Giuv's Jewellery Boutique.
 11814 | Orc:2    | Found Vofu's Antique Weapon Boutique.
 11815 | Orc:2    | Found Fafiucwi's Book Emporium.
 11820 | Orc:2    | Found Aruz's Distillery.
 11845 | Orc:2    | Bought a potion of heal wounds for 60 gold pieces
 11845 | Orc:2    | Bought a potion of haste for 120 gold pieces
 11845 | Orc:2    | Bought a potion of curing for 36 gold pieces
 11845 | Orc:2    | Bought a potion of haste for 120 gold pieces
 11845 | Orc:2    | Bought a potion of haste for 120 gold pieces
 11845 | Orc:2    | Bought a potion of curing for 36 gold pieces
 11845 | Orc:2    | Bought a potion of curing for 36 gold pieces
 11845 | Orc:2    | Bought a potion of curing for 36 gold pieces
 11845 | Orc:2    | Bought a potion of cancellation for 96 gold pieces
 11926 | D:11     | Offered knowledge of Freezing Cloud by Vehumet.
 12264 | Lair:1   | Entered Level 1 of the Lair of Beasts
 12305 | Lair:1   | You fall through a shaft!
 12804 | Lair:3   | Offered knowledge of Venom Bolt by Vehumet.
 12979 | Lair:3   | Found a staircase to the Swamp.
 13052 | Lair:4   | Reached XP level 15. HP: 156/156 MP: 28/30
 13102 | Lair:4   | Noticed Snorg
 13107 | Lair:4   | Killed Snorg
 13332 | Lair:4   | Found a staircase to the Snake Pit.
 13613 | Lair:5   | Found a dark tunnel.
 13618 | Volcano  | Entered a volcano
 13703 | Volcano  | Reached skill level 1 in Evocations
 13923 | Lair:5   | Reached skill level 12 in Spellcasting
 14049 | Lair:5   | Identified the Guide on Malediction and the Traveller
 14084 | Lair:6   | Entered Level 6 of the Lair of Beasts
 14158 | Lair:6   | Offered knowledge of Spellforged Servitor by Vehumet.
 14383 | Lair:6   | Found a staircase to the Slime Pits.
 14869 | Swamp:1  | Entered Level 1 of the Swamp
 14873 | Swamp:1  | Reached XP level 16. HP: 165/165 MP: 32/32
 15033 | Swamp:1  | Noticed Josephine
 15038 | Swamp:1  | Killed Josephine
 15614 | Swamp:3  | Offered knowledge of Bolt of Fire by Vehumet.
 15636 | Swamp:3  | Learned a level 6 spell: Bolt of Fire
 15668 | Swamp:3  | Noticed a thorn hunter
 15673 | Swamp:3  | Killed a thorn hunter
 15673 | Swamp:3  | Reached skill level 15 in Fire Magic
 15688 | Swamp:3  | Reached skill level 13 in Spellcasting
 15710 | Swamp:3  | Reached skill level 15 in Conjurations
 15782 | Swamp:3  | Found the +2 hat of the Bear Spirit {Spirit, +Rage rN+ MR++}
 15954 | Swamp:4  | Entered Level 4 of the Swamp
 16089 | Swamp:4  | Learned a level 2 spell: Blink
 16181 | Swamp:4  | Reached XP level 17. HP: 80/172 MP: 28/34
 16560 | Swamp:4  | Offered knowledge of Iron Shot by Vehumet.
 16581 | Swamp:4  | Found the +3 sling "Punk" {acid, rCorr}
 16602 | Swamp:4  | Got a decaying rune of Zot
 16741 | Swamp:3  | Noticed Roxanne
 16800 | Lair:3   | Learned a level 6 spell: Iron Shot
 16910 | Elf:1    | Entered Level 1 of the Elven Halls
 17170 | Elf:1    | Found a magical portal.
 17173 | WizLab   | Entered Doroklohe's Tomb
 17386 | WizLab   | Noticed an ancient lich
 17388 | WizLab   | Paralysed by an ancient lich for 5 turns
 17402 | WizLab   | Killed an ancient lich
 17719 | Elf:1    | Identified the +10 great mace "Xamye" {crush, Str+3} (You found it on level 1 of the Elven Halls)
 17731 | Elf:1    | Learned a level 5 spell: Lee's Rapid Deconstruction
 17796 | Elf:1    | Reached skill level 14 in Spellcasting
 17873 | Elf:1    | Noticed a lich
 17873 | Elf:1    | Reached skill level 1 in Earth Magic
 17875 | Elf:1    | Killed a lich
 17875 | Elf:1    | Reached XP level 18. HP: 161/182 MP: 29/36
 17913 | Elf:1    | Noticed an ancient lich
 17916 | Elf:1    | Killed an ancient lich
 17916 | Elf:1    | Reached skill level 10 in Shields
 17919 | Elf:1    | Identified the +3 broad axe of Optimality {chop, rElec rF- rC++ rN+} (You found it on level 1 of the Elven Halls)
 18648 | Elf:2    | Found a runed gate.
 18648 | Elf:2    | Found a runed gate.
 18711 | Elf:3    | Entered Level 3 of the Elven Halls
 18711 | Elf:3    | Found Zarixzi's Assorted Antiques.
 18724 | Elf:3    | Bought a scroll of acquirement for 1716 gold pieces
 18731 | Elf:3    | Offered knowledge of Bolt of Cold by Vehumet.
 18881 | Elf:3    | Found Apaarch's Antique Weapon Boutique.
 18933 | Elf:3    | Found Etrieh's Assorted Antiques.
 18937 | Elf:3    | Bought a scroll of teleportation for 81 gold pieces
 19153 | Elf:3    | Reached XP level 19. HP: 189/189 MP: 24/37
 19607 | Elf:3    | Identified the +2 cloak of Otzuvvy {Int+2} (You found it on level 3 of the Elven Halls)
 19699 | Elf:3    | Got an iridescent spear {venom}
 19700 | Elf:3    | Identified the +4 spear "Iber" {venom, MR++} (You took it off a deep elf sorcerer on level 3 of the Elven Halls)
 20043 | Lair:4   | Reached skill level 15 in Spellcasting
 20054 | Snake:1  | Entered Level 1 of the Snake Pit
 20158 | Snake:1  | Noticed Aizul
 20164 | Snake:1  | Killed Aizul
 20500 | Snake:1  | Offered knowledge of Lehudib's Crystal Spear by Vehumet.
 20500 | Snake:1  | Offered knowledge of Fire Storm by Vehumet.
 20500 | Snake:1  | Offered knowledge of Shatter by Vehumet.
 20520 | Snake:1  | Learned a level 9 spell: Fire Storm
 20544 | Snake:1  | Identified the +1 ice dragon scales "Istreejecs" {rF- rC++ Slay+4 Stlth+} (You acquired it on level 1 of the Snake Pit)
 21448 | Snake:3  | Reached XP level 20. HP: 198/198 MP: 15/39
 21715 | Snake:3  | Reached skill level 16 in Spellcasting
 21873 | Snake:4  | Entered Level 4 of the Snake Pit
 21878 | Snake:4  | Noticed Vashnia
 21881 | Snake:4  | Killed Vashnia
 22001 | Snake:4  | Noticed Bai Suzhen
 22006 | Snake:4  | Killed Bai Suzhen
 22006 | Snake:4  | Reached skill level 17 in Spellcasting
 22130 | Snake:4  | Found an ornate altar of the Wu Jian Council.
 22481 | Snake:4  | Got a serpentine rune of Zot
 22727 | Slime:1  | Entered Level 1 of the Pits of Slime
 22837 | Slime:1  | Gained mutation: You are covered in fur. (AC +1) [a shining eye]
 22896 | Slime:2  | Reached XP level 21. HP: 168/206 MP: 29/42
 23108 | Slime:5  | Entered Level 5 of the Pits of Slime
 23137 | Slime:5  | Noticed the Royal Jelly
 23950 | Slime:5  | Reached skill level 18 in Spellcasting
 23969 | Slime:5  | Killed the Royal Jelly
 24094 | Slime:5  | Got a slimy rune of Zot
 24095 | Slime:5  | Identified the Handbook of Noxious Necromancy
 24492 | D:15     | Found a staircase to the Depths.
 24525 | Depths:1 | Entered Level 1 of the Depths
 24588 | Depths:1 | Found a corrupted altar of Lugonu.
 24589 | Depths:1 | Found a one-way gate to the infinite horrors of the Abyss.
 24646 | Depths:1 | Reached XP level 22. HP: 209/214 MP: 25/44
 24650 | Depths:1 | Found Viap's Book Shop.
 25139 | Depths:2 | Found a portal to a secret trove of treasure.
 26397 | Depths:2 | You paid a toll of +3 ice dragon scales to enter a treasure trove
 26398 | Trove    | Entered a treasure trove
 26406 | Trove    | Identified the +1 robe "Pemmin" {rN+} (You found it in a treasure trove)
 26419 | Trove    | Identified the amulet "Vyfytwoth" {rElec Regen+} (You found it in a treasure trove)
 26421 | Trove    | Identified the +0 cloak of Responsibility {Regen+} (You found it in a treasure trove)
 26423 | Trove    | Identified the amulet of Itwig {Harm *Drain Dex+2} (You found it in a treasure trove)
 26429 | Trove    | Identified the +8 fustibalus "Xyfaecl Ywimm" {venom, rC+ Str+3 Int+3 SInv} (You found it in a treasure trove)
 26633 | Depths:2 | Noticed Margery
 26649 | Depths:2 | Killed Margery
 26691 | Depths:2 | Learned a level 3 spell: Regeneration
 26720 | Depths:2 | Identified the ring "Wythref" {rF+ rC++ Int+2 Dex-2 Slay+2} (You took it off a frost giant on level 2 of the Depths)
 26721 | Depths:2 | :O
 26725 | Depths:2 | w00t
 26854 | Depths:2 | Found a gateway to Hell.
 27681 | Depths:3 | Noticed a juggernaut
 27686 | Depths:3 | Killed a juggernaut
 27784 | Depths:3 | Noticed a juggernaut
 27785 | Depths:3 | Reached XP level 23. HP: 222/222 MP: 31/45
 27789 | Depths:3 | Killed a juggernaut
 27810 | Depths:3 | Reached skill level 5 in Evocations
 27835 | Depths:3 | Identified the +2 robe of Orogamop {*Drain rElec rPois Int-2} (You found it on level 3 of the Depths)
 28048 | Depths:3 | Found a gateway to a ziggurat.
 28153 | Depths:4 | Reached skill level 19 in Spellcasting
 28219 | Depths:4 | Noticed Louise
 28223 | Depths:4 | Killed Louise
 28543 | Depths:4 | Noticed Frederick
 28544 | Depths:4 | Killed Frederick
 28553 | Depths:4 | Found a radiant altar of Vehumet.
 28835 | Depths:4 | Found a glowing golden altar of the Shining One.
 28870 | Depths:4 | Found Dezuz's Gadget Boutique.
 28952 | Depths:5 | Entered Level 5 of the Depths
 29152 | Depths:5 | Found a one-way gate leading to the halls of Pandemonium.
 29259 | Depths:5 | Reached XP level 24. HP: 117/231 MP: 11/46
 29285 | Depths:5 | Found a gate to the Realm of Zot.
 29308 | Depths:5 | Learned a level 6 spell: Statue Form
 29376 | Depths:5 | Learned a level 8 spell: Controlled Blink
 29391 | Depths:5 | Reached skill level 1 in Transmutations
 29525 | Zig:1    | Entered Level 1 of a ziggurat
 29543 | Zig:2    | Entered Level 2 of a ziggurat
 29561 | Zig:3    | Entered Level 3 of a ziggurat
 29574 | Zig:4    | Entered Level 4 of a ziggurat
 29578 | Zig:4    | Reached skill level 1 in Translocations
 29598 | Zig:5    | Entered Level 5 of a ziggurat
 29627 | Zig:6    | Entered Level 6 of a ziggurat
 29632 | Zig:6    | Noticed an ancient lich
 29633 | Zig:6    | Killed an ancient lich
 29659 | Zig:7    | Entered Level 7 of a ziggurat
 29699 | Zig:8    | Entered Level 8 of a ziggurat
 29732 | Zig:8    | Identified Dispater's Volume of Summoning
 29752 | Zig:9    | Entered Level 9 of a ziggurat
 29760 | Zig:9    | Noticed a juggernaut
 29760 | Zig:9    | Noticed a juggernaut
 29762 | Zig:9    | Killed a juggernaut
 29769 | Zig:9    | Killed a juggernaut
 29859 | Zig:10   | Entered Level 10 of a ziggurat
 29920 | Zig:10   | Identified the ring "Fill" {MR++ Int+3 Dex+4} (You found it on level 10 of a ziggurat)
 29957 | Zig:10   | Learned a level 8 spell: Necromutation
 29958 | Zig:11   | Entered Level 11 of a ziggurat
 29973 | Zig:11   | Reached skill level 1 in Necromancy
 29977 | Zig:11   | Reached skill level 5 in Transmutations
 29999 | Zig:11   | Found the +3 pair of gauntlets of War {Slay+5}
 30007 | Zig:11   | Identified the Incunabulum of Mutagenic Venom
 30016 | Zig:11   | Identified the amulet of Satyriasis {Reflect rPois rN+ SH+2} (You found it on level 11 of a ziggurat)
 30019 | Zig:11   | Identified the amulet "Cileoham" {Harm *Drain MP-9 Str+4 Int+7 Slay+3} (You found it on level 11 of a ziggurat)
 30036 | Zig:12   | Entered Level 12 of a ziggurat
 30085 | Zig:12   | Noticed a greater mummy
 30088 | Zig:12   | Noticed a greater mummy
 30088 | Zig:12   | Killed a greater mummy
 30088 | Zig:12   | Reached XP level 25. HP: 206/238 MP: 28/46
 30093 | Zig:12   | Killed a greater mummy
 30094 | Zig:12   | Found the +3 robe of Clouds {+Fly rElec}
 30101 | Zig:12   | Reached skill level 5 in Translocations
 30153 | Zig:12   | Identified a ring of Jacvam {Fire Int+5} (You found it on level 12 of a ziggurat)
 30161 | Zig:12   | Reached XP level 26. HP: 148/247 MP: 46/46
 30166 | Zig:12   | Identified the Almanac of the Escort
 30203 | Zig:13   | Entered Level 13 of a ziggurat
 30217 | Zig:13   | Noticed an ancient lich
 30220 | Zig:13   | Killed an ancient lich
 30238 | Zig:13   | Identified the ring "Xualimad" {rElec rPois Str+2 Stlth+} (You found it on level 13 of a ziggurat)
 30264 | Zig:14   | Entered Level 14 of a ziggurat
 30347 | Zig:14   | Found the +8 frozen axe "Frostbite" {freezing cloud, *Noise +Fly rC+}
 30369 | Zig:14   | Got a bone broad axe
 30370 | Zig:14   | Identified the +6 broad axe of the Sea {flame, *Drain rElec rN+ SInv} (You found it on level 14 of a ziggurat)
 30374 | Zig:15   | Entered Level 15 of a ziggurat
 30396 | Zig:15   | Reached skill level 20 in Spellcasting
 30398 | Zig:15   | Reached skill level 5 in Necromancy
 30432 | Zig:15   | Identified the Disquisition on Damaging Dark Rituals
 30457 | Zig:16   | Entered Level 16 of a ziggurat
 30534 | Zig:16   | Identified the Disquisition on Assistive Toxins
 30559 | Zig:16   | Identified the +10 demon blade "Tiuroac" {flame, Fragile rElec MP+9 Int+4} (You found it on level 16 of a ziggurat)
 30560 | Zig:16   | :O
 30564 | Zig:17   | Entered Level 17 of a ziggurat
 30592 | Zig:17   | Reached skill level 21 in Spellcasting
 30595 | Zig:17   | Reached XP level 27. HP: 255/255 MP: 33/48
 30638 | Zig:17   | Identified the Incunabulum of Cankerous Snow
 30649 | Zig:17   | Learned a level 2 spell: Sublimation of Blood
 30659 | Zig:17   | Learned a level 9 spell: Shatter
 30665 | Zig:17   | Identified the Tome of Hexes
 30675 | Zig:18   | Entered Level 18 of a ziggurat
 30707 | Zig:18   | Reached skill level 22 in Spellcasting
 30718 | Zig:18   | Reached skill level 23 in Spellcasting
 30796 | Zig:18   | Identified the Incunabulum of Flamy Malediction
 30800 | Zig:18   | Learned a level 1 spell: Apportation
 30810 | Zig:18   | Reached skill level 24 in Spellcasting
 30820 | Zig:19   | Entered Level 19 of a ziggurat
 30848 | Zig:19   | Found the +7 sceptre of Torment
 30889 | Zig:19   | Identified the amulet "Oberr" {Spirit rF+ Str+6 Int-5} (You found it on level 19 of a ziggurat)
 30910 | Zig:20   | Entered Level 20 of a ziggurat
 30934 | Zig:20   | Noticed a juggernaut
 30935 | Zig:20   | Noticed a juggernaut
 30935 | Zig:20   | Reached skill level 25 in Spellcasting
 30935 | Zig:20   | Killed a juggernaut
 30936 | Zig:20   | Noticed a juggernaut
 30936 | Zig:20   | Killed a juggernaut
 30936 | Zig:20   | Killed a juggernaut
 30937 | Zig:20   | Noticed a juggernaut
 30939 | Zig:20   | Killed a juggernaut
 30940 | Zig:20   | Killed a juggernaut
 30957 | Zig:20   | Killed a juggernaut
 30961 | Zig:20   | Noticed a juggernaut
 30963 | Zig:20   | Killed a juggernaut
 31005 | Zig:20   | Identified Wioxy's Disquisition on Frigorific Weightlessness
 31020 | Zig:20   | Identified the +0 robe of Space {+Fly Regen+ Int+2 Stlth-} (You found it on level 20 of a ziggurat)
 31049 | Zig:20   | Identified the Compendium of Ashen Slavery
 31058 | Zig:21   | Entered Level 21 of a ziggurat
 31088 | Zig:21   | Noticed an ancient lich
 31090 | Zig:21   | Reached skill level 10 in Transmutations
 31092 | Zig:21   | Killed an ancient lich
 31102 | Zig:21   | Reached skill level 10 in Necromancy
 31167 | Zig:21   | Identified the Compendium of the Snowflakes
 31170 | Zig:21   | Identified the ring of Immorality {rF+ EV+3} (You found it on level 21 of a ziggurat)
 31182 | Zig:21   | Got a pitted tin ring
 31191 | Zig:21   | Identified the ring "Ypoupaj" {rF+ Int+4 Dex+4 Stlth-} (You found it on level 21 of a ziggurat)
 31203 | Zig:21   | Learned a level 8 spell: Death's Door
 31204 | Zig:22   | Entered Level 22 of a ziggurat
 31307 | Zig:22   | Found the +8 lance "Wyrmbane" {slay drac, rPois rF+ rC+ AC+3}
 31314 | Zig:22   | Got a steaming shield
 31325 | Zig:22   | Identified the +2 shield of the Arcane {Regen+ MP+9} (You found it on level 22 of a ziggurat)
 31341 | Zig:22   | Got a shimmering tin ring
 31343 | Zig:22   | Identified the ring "Anaqag" {Ice rPois MR- Dex+7} (You found it on level 22 of a ziggurat)
 31354 | Zig:22   | Got a wavering turquoise ring
 31356 | Zig:22   | Identified the ring of Perfectionism {rF++ rN+ MP+9 Stlth+} (You found it on level 22 of a ziggurat)
 31376 | Zig:23   | Entered Level 23 of a ziggurat
 31390 | Zig:23   | Noticed a greater mummy
 31394 | Zig:23   | Killed a greater mummy
 31410 | Zig:23   | Noticed a greater mummy
 31413 | Zig:23   | Killed a greater mummy
 31427 | Zig:23   | Noticed a greater mummy
 31427 | Zig:23   | Killed a greater mummy
 31446 | Zig:23   | Noticed a greater mummy
 31446 | Zig:23   | Noticed a greater mummy
 31446 | Zig:23   | Noticed an ancient lich
 31447 | Zig:23   | Killed an ancient lich
 31448 | Zig:23   | Killed a greater mummy
 31448 | Zig:23   | Killed a greater mummy
 31452 | Zig:23   | Noticed a greater mummy
 31453 | Zig:23   | Killed a greater mummy
 31462 | Zig:23   | Noticed a greater mummy
 31462 | Zig:23   | Killed a greater mummy
 31462 | Zig:23   | HP: 12/255 [shadow[a guardian mummy's death curse] (12)]
 31470 | Zig:23   | Killed a greater mummy
 31555 | Zig:23   | Got a flickering ivory ring
 31557 | Zig:23   | Identified the ring of Pragmatism {rElec rC+ MR+ Int-4 Dex+4} (You found it on level 23 of a ziggurat)
 31584 | Zig:23   | Identified the ring of Gus Juv {*Slow rF+ rC+ rN++} (You found it on level 23 of a ziggurat)
 31586 | Zig:23   | Identified the Guide on Creation
 31595 | Zig:24   | Entered Level 24 of a ziggurat
 31697 | Zig:24   | Reached skill level 15 in Necromancy
 31698 | Zig:24   | Reached skill level 10 in Translocations
 31748 | Zig:24   | Found the +3 giant club "Skullcrusher" {speed, Str+7}
 31792 | Zig:25   | Entered Level 25 of a ziggurat
 31874 | Zig:25   | Noticed an ancient lich
 31875 | Zig:25   | Killed an ancient lich
 31885 | Zig:25   | Noticed an ancient lich
 31887 | Zig:25   | Killed an ancient lich
 31895 | Zig:25   | Noticed an ancient lich
 31895 | Zig:25   | Killed an ancient lich
 31965 | Zig:25   | Found the +3 hat of Pondering {ponderous, MR+ MP+10 Int+5}
 31981 | Zig:25   | Identified the cursed ring of the City {rN+ EV-5 Dex+3} (You found it on level 25 of a ziggurat)
 32005 | Zig:25   | Reached skill level 26 in Spellcasting
 32012 | Zig:25   | Identified the cursed +1 robe of Bioveitz {rElec rF+ rN+ Int+2} (You found it on level 25 of a ziggurat)
 32022 | Zig:26   | Entered Level 26 of a ziggurat
 32048 | Zig:26   | Reached skill level 1 in Charms
 32077 | Zig:26   | Noticed an ancient lich
 32077 | Zig:26   | Killed an ancient lich
 32077 | Zig:26   | Killed an ancient lich
 32082 | Zig:26   | Reached skill level 5 in Charms
 32083 | Zig:26   | Reached skill level 15 in Translocations
 32148 | Zig:26   | Identified the ring "Joele Lumiza" {rN+ MP+9} (You found it on level 26 of a ziggurat)
 32161 | Zig:27   | Entered Level 27 of a ziggurat
 32313 | Zig:27   | Found the +12 glaive of Prune {chop}
 32338 | Zig:27   | Identified the ring "Dood" {+Fly rC+ Str+5} (You found it on level 27 of a ziggurat)
 32340 | Zig:27   | Identified Fure's Catalogue of Hexes
 32536 | D:13     | Found a gate to the Vaults.
 32544 | Vaults:1 | Entered Level 1 of the Vaults
 32634 | Vaults:1 | Noticed Asterion
 32636 | Vaults:1 | Killed Asterion
 32765 | Vaults:2 | Found Niecluy's Magic Scroll Shoppe.
 32777 | Vaults:2 | Bought a scroll of acquirement for 624 gold pieces
 32778 | Vaults:2 | Identified the ring "Dunwudum" {Str+2 SInv} (You acquired it on level 2 of the Vaults)
 32844 | Vaults:4 | Reached skill level 10 in Charms
 32944 | Vaults:4 | Found Qiney's Jewellery Boutique.
 32986 | Vaults:5 | Entered Level 5 of the Vaults
 33061 | Vaults:5 | Reached skill level 5 in Earth Magic
 33422 | Vaults:5 | Got a silver rune of Zot
 33503 | Vaults:5 | Found Numemuwk's Gadget Shop.
 33543 | Vaults:5 | Identified the ring "Duwy" {Int+4 Dex+3} (You found it on level 5 of the Vaults)
 33550 | Vaults:5 | Reached skill level 10 in Earth Magic
 33756 | Vaults:2 | Found a staircase to the Crypt.
 33763 | Crypt:1  | Entered Level 1 of the Crypt
 33779 | Crypt:1  | Noticed Jory
 33781 | Crypt:1  | Killed Jory
 33808 | Crypt:1  | You fall through a shaft!
 33820 | Crypt:3  | Entered Level 3 of the Crypt
 33835 | Crypt:2  | Killed Boris
 33978 | Crypt:3  | Found a basalt altar of Yredelemnul.
 33979 | Crypt:3  | Noticed an ancient lich
 33984 | Crypt:3  | Killed an ancient lich
 34002 | Crypt:3  | Identified the Reference Book on Unholy Arts
 34237 | Crypt:3  | Found a staircase to the Tomb.
 34244 | Crypt:3  | Identified the ring of Gucisk {rPois rN+ Int+4} (You found it on level 3 of the Crypt)
 34245 | Crypt:3  | Identified the ring "Xusig" {rPois rF+ rN+} (You found it on level 3 of the Crypt)
 34248 | Tomb:1   | Entered Level 1 of the Tomb of the Ancients
 34368 | Tomb:1   | Noticed a greater mummy
 34370 | Tomb:1   | Killed a greater mummy
 34412 | Tomb:1   | Noticed a greater mummy
 34429 | Tomb:1   | Reached skill level 15 in Earth Magic
 34433 | Tomb:1   | Killed a greater mummy
 34557 | Tomb:2   | Noticed a greater mummy
 34559 | Tomb:2   | Noticed a greater mummy
 34559 | Tomb:2   | Noticed a greater mummy
 34560 | Tomb:2   | Killed a greater mummy
 34562 | Tomb:2   | Noticed a greater mummy
 34562 | Tomb:2   | Killed a greater mummy
 34562 | Tomb:2   | Killed a greater mummy
 34563 | Tomb:2   | Noticed a greater mummy
 34567 | Tomb:2   | Killed a greater mummy
 34567 | Tomb:2   | Killed a greater mummy
 34667 | Tomb:3   | Entered Level 3 of the Tomb of the Ancients
 34687 | Tomb:3   | Noticed a greater mummy
 34687 | Tomb:3   | Noticed a greater mummy
 34687 | Tomb:3   | Noticed a greater mummy
 34688 | Tomb:3   | Noticed a greater mummy
 34688 | Tomb:3   | Noticed an ancient lich
 34688 | Tomb:3   | Noticed a greater mummy
 34785 | Tomb:3   | Killed a greater mummy
 34785 | Tomb:3   | Killed a greater mummy
 34786 | Tomb:3   | Noticed a greater mummy
 34786 | Tomb:3   | Killed a greater mummy
 34786 | Tomb:3   | Killed a greater mummy
 34787 | Tomb:3   | Killed a greater mummy
 34790 | Tomb:3   | Killed a greater mummy
 34790 | Tomb:3   | Lost dexterity.
 34791 | Tomb:3   | Noticed a greater mummy
 34796 | Tomb:2   | Killed from afar by an ushabti

Vault maps used:
D:1:      minmay_arrival_four_houses, nemelex_diamond_rough_becter
D:2:      chequers_ecumenical_altar_simple_redux
D:3:      lemuel_crystal_altar, kennysheep_generic_room_3
D:4:      vehumet_crystals, first_ration
D:5:      overflow_temple_1_default, yredelemnul_altar_generic,
          lemuel_blue_sif_altar, uniq_grinder
D:6:      minmay_temple_entry_junction, gup_sewer_entry_pipe
D:7:      kennysheep_mini_moat, the_bakery
D:8:      kennysheep_mini, serial_shops, nicolae_shop_trees,
          minmay_misc_feat_iff
D:9:      uniq_pikel
D:10:     dpeg_lair_monsters, kennysheep_generic_room_8
D:12:     minmay_orc_entry_guard_dogs
D:13:     erik_vaults_1
D:14:     basic_altar, serial_bayou_lagoon_a, uniq_frances
D:15:     grunt_enter_depths_hoard, lab_entry_generic
Lair:2:   infiniplex_staircase_pool, serial_bayou_shore_a, grunt_megastairs_3,
          minmay_lair_oklob_chamber
Lair:3:   swamp_mist, grunt_megastairs_2, lemuel_fruit_fields, lemuel_fruit_tree
Lair:4:   dpeg_oklob_gauntlet, minmay_snake_entry_guardpost_medium, uniq_snorg
Lair:5:   nicolae_volcano_entry_s_turn, grunt_megastairs_1
Lair:6:   grunt_lair_end_beastmaster, minmay_slime_entry_pillars
Swamp:1:  evilmike_swamp_ruin_rubble_1, swamp_pool4, st_swamp_ruins_2,
          uniq_josephine
Swamp:2:  hangedman_swamp_pad, swamp_pool1, wheals_swamp_sinkhole
Swamp:3:  nicolae_swamp_stair_fork, uniq_roxanne
Swamp:4:  swamp_alternative
Snake:1:  uniq_aizul
Snake:2:  hangedman_corner_corridor
Snake:4:  snake_pit, basic_altar, eino_curves_04, uniq_bai_suzhen, uniq_vashnia
Orc:1:    cheibrodos_orc_arena, basic_altar, nicolae_orc_lava_tube
Orc:2:    st_orc_elflike
Elf:1:    minmay_the_grid_3x2, mu_enter_wizlab_7, kennysheep_underground_church,
          kilobyte_rumbling_trees
Elf:3:    minmay_elf_hall_curves, serial_shops, shop_fountains, shop,
          nicolae_shop_overgrown_old_shop
Vaults:1: v_pattern_2, nicolae_vaults_arrows, nicolae_vaults_circle_grid_a,
          v_misc_22, hangedman_vaults_unwind, vaults_room_grid,
          hangedman_vaults_trim, vaults_room_pool, v_rooms_6,
          nicolae_vaults_little_squares_3, dpeg_vaults_monster_row,
          vaults_dpeg_ring, nicolae_vaults_circle_grid_b, uniq_saint_roka,
          uniq_asterion
Vaults:2: nicolae_vaults_rhombus_5, hangedman_vaults_maws,
          nicolae_vaults_big_ls, minmay_crypt_entry_simple_corners,
          special_room_vaults, v_misc_26, hangedman_vaults_stream,
          vaults_room_fours, vaults_mumra_hex, nicolae_vaults_little_ls,
          ontoclasm_vaults_twist, serial_shops, shop, uniq_jorgrun
Vaults:3: v_misc_24, grunt_vaults_swirl, vaults_room_large_hall,
          grunt_vaults_hallway_long, vaults_mumra_bighexcomb, v_misc_33,
          nicolae_vaults_network_star, ontoclasm_vaults_claustrophobia,
          nicolae_vaults_rhombus_6, nicolae_vaults_network_quinsquares,
          vaults_standard_mumra_x, nicolae_vaults_diagonal_hallway_6,
          serial_shops, nicolae_shop_competitors_out_of_business
Vaults:4: vaults_room_fours, hangedman_vaults_cutoff, v_misc_12, v_misc_26,
          v_misc_17, hangedman_vaults_capsules, nicolae_vaults_border_crossing,
          nicolae_vaults_asterisk, ontoclasm_vaults_ring_square, serial_shops,
          shop
Crypt:1:  skrybe_necro_troll_1, uniq_jory
Crypt:2:  uniq_boris
Crypt:3:  cryptofortress_bobbens
Depths:1: abyss_entry_flame_altar, grunt_decor_one_mirror, serial_shops, shop,
          hellmouth_1, nooodl_food_tri
Depths:2: minmay_triangles_in_corner, grunt_metal_band, abyss_entry,
          nicolae_trove_entry_diagonal, nrook_loot_triangle,
          serial_bayou_shore_b
Depths:3: kennysheep_water_balloons, enter_ziggurat_c, grunt_hell_entry_dis_old,
          grunt_pan_entry_spiral, serial_bayou_ford_a,
          infiniplex_staircase_spiral
Depths:4: evilmike_halls_of_destruction, hell_entry, tso_metal_star,
          nicolae_abyss_entry_one_way_or_another, serial_shops, shop
Depths:5: grunt_zot_entry_bicorn, hell_entry, nicolae_sextant,
          rand_demon_pan_entry_4
Zig:2:    ziggurat_pillar_centre_c
Zig:5:    ziggurat_pillar_centre_dead_trees
Zig:16:   ziggurat_pillar_centre_oklobs
Zig:22:   ziggurat_pillar_centre_more_plants
Zig:25:   ziggurat_pillar_centre_drop
Zig:27:   ziggurat_pillar_centre_smoke
Lab:      labyrinth_mini_lab
Trove:    trove_simple
Sewer:    sewer_kobolds
Volcano:  volcano_pools
WizLab:   wizlab_doroklohe

Skill      XL: |  1  2  3  4  5  6  7  8  9 10 11 12 13 14 15 16 17 18 19 20 21 22 23 24 25 26 27 |
---------------+----------------------------------------------------------------------------------+-----
Conjurations   | 1 2 3 4 6 7 9 10 11 12 13 14 15 16 17 18 19 20 21 | 21.5
Fire Magic     | 3 4 5 6 7 9 10 11 12 13 14 15 16 17 18 19 20 21 | 21.6
Spellcasting   | 3 4 5 6 7 9 10 11 12 13 14 15 17 18 19 21 26 | 26.0
Fighting       | 1 2 3 5 6 8 9 10 11 12 | 12.0
Shields        | 3 5 6 7 9 11 14 | 14.0
Evocations     | 2 4 6 7 8 |  8.3
Earth Magic    | 1 4 18 | 18.5
Transmutations | 5 7 14 | 14.1
Translocations | 4 5 7 16 | 16.9
Necromancy     | 2 3 5 16 | 16.8
Charms         | 13 | 13.6
Dodging        | |  1.7
Stealth        | |  1.4

Action                   |  1- 3 |  4- 6 |  7- 9 | 10-12 | 13-15 | 16-18 | 19-21 | 22-24 | 25-27 || total
-------------------------+-------+-------+-------+-------+-------+-------+-------+-------+-------++-------
Melee: Unarmed           |     3 |       |       |       |       |       |       |       |       ||     3
       Dagger            |    23 |       |       |       |       |       |       |       |       ||    23
       Long sword        |    16 |    38 |    65 |       |       |       |       |       |       ||   119
       Great sword       |       |       |   108 |    58 |       |       |       |       |       ||   166
       Staff             |       |       |       |    64 |   153 |    47 |    59 |    10 |     2 ||   335
       Hand axe          |       |       |       |     6 |    28 |       |       |       |       ||    34
       Kick              |       |       |       |       |    30 |    10 |     8 |     2 |     1 ||    51
 Cast: Flame Tongue      |    25 |    50 |    56 |   108 |     9 |     8 |       |       |       ||   256
       Sticky Flame      |       |     3 |    40 |    64 |    53 |    16 |    19 |       |       ||   195
       Conjure Flame     |       |     1 |     8 |    34 |    16 |     1 |     2 |       |       ||    62
       Fireball          |       |       |       |    33 |   225 |   214 |   224 |    61 |    47 ||   804
       Bolt of Fire      |       |       |       |       |       |    76 |   169 |   126 |     4 ||   375
       Iron Shot         |       |       |       |       |       |    36 |    24 |    55 |    26 ||   141
       Mephitic Cloud    |       |       |       |       |       |     2 |       |       |       ||     2
       Lee's Rapid Decon |       |       |       |       |       |     2 |       |    28 |     8 ||    38
       Blink             |       |       |       |       |       |       |     3 |     2 |     2 ||     7
       Fire Storm        |       |       |       |       |       |       |     7 |   117 |   474 ||   598
       Regeneration      |       |       |       |       |       |       |       |    14 |    39 ||    53
       Statue Form       |       |       |       |       |       |       |       |     1 |     1 ||     2
       Sublimation of Bl |       |       |       |       |       |       |       |       |    21 ||    21
       Necromutation     |       |       |       |       |       |       |       |       |    16 ||    16
       Shatter           |       |       |       |       |       |       |       |       |    16 ||    16
       Apportation       |       |       |       |       |       |       |       |       |     5 ||     5
       Controlled Blink  |       |       |       |       |       |       |       |       |     2 ||     2
 Abil: End Transformatio |       |       |       |       |       |       |       |       |     6 ||     6
Evoke: Wand              |       |     2 |       |     4 |    17 |     9 |    20 |     9 |       ||    61
       Phial of floods   |       |       |       |     1 |     1 |       |       |       |       ||     2
       Box of beasts     |       |       |       |       |     1 |       |       |       |       ||     1
       Staff of energy   |       |       |       |       |       |       |       |   253 |   289 ||   542
       Phantom mirror    |       |       |       |       |       |       |       |     1 |       ||     1
  Use: Potion            |     2 |       |     1 |     1 |     1 |     5 |     8 |     4 |    12 ||    34
       Scroll            |       |     5 |    11 |     6 |    25 |    14 |    16 |    22 |    30 ||   129
 Stab: Sleeping          |     1 |       |       |       |       |       |       |       |       ||     1
  Eat: Chunk             |       |     2 |    13 |    18 |    34 |    20 |    11 |    16 |     1 ||   115
       Ration            |       |     1 |     1 |     2 |     2 |     4 |     6 |     4 |     8 ||    28
Armor: Robe              |    23 |    20 |    64 |    37 |     4 |       |       |       |       ||   148
       Troll leather arm |       |       |       |       |    77 |    29 |    25 |    14 |    53 ||   198
       Skin              |       |       |       |       |       |       |       |    23 |    10 ||    33
Dodge: Dodged            |    40 |    35 |   163 |   129 |   115 |    27 |    44 |    46 |    41 ||   640
       Deflected         |       |       |       |       |    10 |     8 |    23 |    16 |     8 ||    65
Block: Shield            |       |       |       |    37 |   167 |    59 |    92 |    73 |    80 ||   508
       Reflection        |       |       |       |       |     4 |       |       |       |       ||     4
       Rpst.: Long sword |     9 |    17 |     9 |       |       |       |       |       |       ||    35
       Great sword       |       |       |    40 |    18 |       |       |       |       |       ||    58

Table legend:
 A = Spawn XP
 B = Non-spawn XP
 C = Spawn XP percentage of total XP
 D = Spawn monster count
 E = Non-spawn monster count
 F = Spawn count percentage of total count
 G = Total turns spent on level
                    A         B        C        D         E        F      G
               +---------+---------+-------+---------+---------+-------+---------
         Total |       0 | 2303421 |   0.0 |       0 |    3033 |   0.0 | 34796
               +---------+---------+-------+---------+---------+-------+---------
           D:1 |       0 |      28 |   0.0 |       0 |      17 |   0.0 |   594
           D:2 |       0 |      62 |   0.0 |       0 |      21 |   0.0 |   763
           D:3 |       0 |      65 |   0.0 |       0 |      16 |   0.0 |   286
           D:4 |       0 |     445 |   0.0 |       0 |       9 |   0.0 |   745
           D:5 |       0 |     939 |   0.0 |       0 |      23 |   0.0 |   788
           D:6 |       0 |     955 |   0.0 |       0 |      33 |   0.0 |   560
           D:7 |       0 |    1202 |   0.0 |       0 |      18 |   0.0 |   621
           D:8 |       0 |    1466 |   0.0 |       0 |      26 |   0.0 |   519
           D:9 |       0 |    3647 |   0.0 |       0 |      38 |   0.0 |   831
          D:10 |       0 |    6852 |   0.0 |       0 |      20 |   0.0 |   746
          D:11 |       0 |    7304 |   0.0 |       0 |      36 |   0.0 |   550
          D:12 |       0 |    7212 |   0.0 |       0 |      26 |   0.0 |  1086
          D:13 |       0 |    8259 |   0.0 |       0 |      47 |   0.0 |   880
          D:14 |       0 |    9396 |   0.0 |       0 |      31 |   0.0 |   992
          D:15 |       0 |   10156 |   0.0 |       0 |      23 |   0.0 |   577
        Lair:1 |       0 |    4810 |   0.0 |       0 |      23 |   0.0 |   306
        Lair:2 |       0 |    3815 |   0.0 |       0 |      21 |   0.0 |   341
        Lair:3 |       0 |    4402 |   0.0 |       0 |      18 |   0.0 |   542
        Lair:4 |       0 |   11352 |   0.0 |       0 |      39 |   0.0 |   727
        Lair:5 |       0 |    5472 |   0.0 |       0 |      16 |   0.0 |   477
        Lair:6 |       0 |   25598 |   0.0 |       0 |      65 |   0.0 |   711
       Swamp:1 |       0 |   12138 |   0.0 |       0 |      28 |   0.0 |   520
       Swamp:2 |       0 |    7498 |   0.0 |       0 |      16 |   0.0 |   285
       Swamp:3 |       0 |   17550 |   0.0 |       0 |      41 |   0.0 |   752
       Swamp:4 |       0 |   33339 |   0.0 |       0 |      59 |   0.0 |   426
       Snake:1 |       0 |   18663 |   0.0 |       0 |      36 |   0.0 |   761
       Snake:2 |       0 |   25749 |   0.0 |       0 |      39 |   0.0 |   812
       Snake:3 |       0 |   15778 |   0.0 |       0 |      31 |   0.0 |   477
       Snake:4 |       0 |   59310 |   0.0 |       0 |      82 |   0.0 |   701
       Slime:1 |       0 |   12879 |   0.0 |       0 |      24 |   0.0 |    63
       Slime:2 |       0 |    9953 |   0.0 |       0 |      25 |   0.0 |   165
       Slime:3 |       0 |    4972 |   0.0 |       0 |      18 |   0.0 |   135
       Slime:4 |       0 |   22704 |   0.0 |       0 |      33 |   0.0 |   640
       Slime:5 |       0 |   56428 |   0.0 |       0 |      70 |   0.0 |   406
         Orc:1 |       0 |    7489 |   0.0 |       0 |      54 |   0.0 |   731
         Orc:2 |       0 |   12586 |   0.0 |       0 |      59 |   0.0 |   938
         Elf:1 |       0 |   50609 |   0.0 |       0 |      61 |   0.0 |  1054
         Elf:2 |       0 |   15608 |   0.0 |       0 |      22 |   0.0 |   519
         Elf:3 |       0 |   69190 |   0.0 |       0 |      65 |   0.0 |  1104
      Vaults:1 |       0 |    9183 |   0.0 |       0 |      13 |   0.0 |   157
      Vaults:2 |       0 |   17356 |   0.0 |       0 |      24 |   0.0 |   173
      Vaults:4 |       0 |   19161 |   0.0 |       0 |      36 |   0.0 |   154
      Vaults:5 |       0 |  142188 |   0.0 |       0 |     130 |   0.0 |   690
       Crypt:1 |       0 |    6621 |   0.0 |       0 |       5 |   0.0 |    45
       Crypt:2 |       0 |   17641 |   0.0 |       0 |      24 |   0.0 |    33
       Crypt:3 |       0 |   59524 |   0.0 |       0 |      63 |   0.0 |   407
        Tomb:1 |       0 |   51144 |   0.0 |       0 |      67 |   0.0 |   304
        Tomb:2 |       0 |   45429 |   0.0 |       0 |      42 |   0.0 |   206
        Tomb:3 |       0 |   83597 |   0.0 |       0 |      68 |   0.0 |    38
      Depths:1 |       0 |   23558 |   0.0 |       0 |      29 |   0.0 |   546
      Depths:2 |       0 |   63141 |   0.0 |       0 |      63 |   0.0 |  1329
      Depths:3 |       0 |   71593 |   0.0 |       0 |      68 |   0.0 |   793
      Depths:4 |       0 |   48188 |   0.0 |       0 |      49 |   0.0 |   799
      Depths:5 |       0 |   61167 |   0.0 |       0 |      57 |   0.0 |   540
         Zig:1 |       0 |    1315 |   0.0 |       0 |       2 |   0.0 |    18
         Zig:2 |       0 |    1494 |   0.0 |       0 |       4 |   0.0 |    18
         Zig:3 |       0 |    2935 |   0.0 |       0 |       3 |   0.0 |    13
         Zig:4 |       0 |    5028 |   0.0 |       0 |       6 |   0.0 |    24
         Zig:5 |       0 |    4936 |   0.0 |       0 |       6 |   0.0 |    29
         Zig:6 |       0 |   15432 |   0.0 |       0 |       7 |   0.0 |    32
         Zig:7 |       0 |    8069 |   0.0 |       0 |      14 |   0.0 |    40
         Zig:8 |       0 |    8195 |   0.0 |       0 |      15 |   0.0 |    53
         Zig:9 |       0 |   20848 |   0.0 |       0 |      19 |   0.0 |   107
        Zig:10 |       0 |   15648 |   0.0 |       0 |      12 |   0.0 |    99
        Zig:11 |       0 |   20203 |   0.0 |       0 |      14 |   0.0 |    78
        Zig:12 |       0 |   21721 |   0.0 |       0 |      35 |   0.0 |   167
        Zig:13 |       0 |   36274 |   0.0 |       0 |      20 |   0.0 |    61
        Zig:14 |       0 |   17108 |   0.0 |       0 |      26 |   0.0 |   110
        Zig:15 |       0 |   31415 |   0.0 |       0 |      36 |   0.0 |    83
        Zig:16 |       0 |   33166 |   0.0 |       0 |      40 |   0.0 |   107
        Zig:17 |       0 |   31707 |   0.0 |       0 |      34 |   0.0 |   111
        Zig:18 |       0 |   54443 |   0.0 |       0 |      34 |   0.0 |   145
        Zig:19 |       0 |   44191 |   0.0 |       0 |      48 |   0.0 |    90
        Zig:20 |       0 |   72834 |   0.0 |       0 |      62 |   0.0 |   148
        Zig:21 |       0 |   56848 |   0.0 |       0 |      59 |   0.0 |   146
        Zig:22 |       0 |   71937 |   0.0 |       0 |      50 |   0.0 |   172
        Zig:23 |       0 |   80461 |   0.0 |       0 |      93 |   0.0 |   219
        Zig:24 |       0 |   82272 |   0.0 |       0 |      64 |   0.0 |   197
        Zig:25 |       0 |  108601 |   0.0 |       0 |      68 |   0.0 |   230
        Zig:26 |       0 |   88698 |   0.0 |       0 |      66 |   0.0 |   139
        Zig:27 |       0 |   60287 |   0.0 |       0 |      93 |   0.0 |   191
           Lab |       0 |    1192 |   0.0 |       0 |       1 |   0.0 |   720
         Sewer |       0 |     148 |   0.0 |       0 |      10 |   0.0 |   218
       Volcano |       0 |    2643 |   0.0 |       0 |       7 |   0.0 |   158
        WizLab |       0 |   18001 |   0.0 |       0 |      18 |   0.0 |   438
               +---------+---------+-------+---------+---------+-------+---------
